Map: Dreamcatcher LE

Players

Nice

  • Race: Protoss Protoss
  • Spawn Location: 11:00

ShoWTimE - Winner!

  • Race: Protoss Protoss
  • Spawn Location: 5:00

Event: WCS Montreal 2018

VOD

Have the link to the VOD?

Description

Time

  • Played on: Sept. 7, 2018, 4:58 p.m.
  • Length: 11:55

All games in this series

Show
View Real Time Build Order
Export as new Build Order

Nice Protoss 

Build Orders:  

Get SALT Encoding   

  12  0:00  Probe  
  13  0:13  Probe  
  14  0:19  Pylon  
  14  0:25  Probe  
  15  0:36  Probe  
  15  0:39  Gateway  
  16  0:44  Probe  
  17  0:52  Assimilator, Probe  
  17  0:55  Assimilator  
  18  1:02  Probe  
  18  1:09  Gateway  
  18  1:10  Probe  
  20  1:18  Probe  
  21  1:27  Cybernetics Core  
  21  1:29  Probe  
  22  1:36  Pylon  
  22  1:41  Probe  
  23  1:54  Probe  
  23  1:56  Warp Gate  
  24  2:03  Pylon  
  24  2:04  Adept x2  
  28  2:16  Twilight Council  
  28  2:32  Adept  
  28  2:33  Adept  
  32  2:42  Pylon, Resonating Glaives  
  31  3:06  Nexus  
  31  3:19  Pylon  
  31  3:24  Robotics Facility  
  31  3:33  Shield Battery  
  31  3:37  Probe  
  32  3:49  Probe  
  33  4:01  Probe  
  34  4:04  Stalker x2  
  34  4:08  Warp Prism  
  38  4:13  Probe  
  41  4:27  Probe x2  
  41  4:29  Stalker  
  41  4:30  Stalker  
  47  4:39  Probe  
  47  4:44  Observer  
  48  4:46  Probe  
  50  4:56  Sentry  
  50  4:57  Sentry  
  52  5:10  Gateway x2  
  52  5:13  Gateway  
  52  5:17  Gateway  
  52  5:18  Probe  
  52  5:19  Probe  
  54  5:26  Probe  
  54  5:37  Pylon  
  54  5:41  Pylon  
  54  5:55  Probe x2  
  54  6:07  Probe x2  
  54  6:09  Adept x5  
  66  6:15  Adept  
  66  6:16  Warp Prism  
  54  6:31  Adept x3  
  60  6:53  Adept x5  
  70  7:00  Gateway  
  66  7:16  Adept x2  
  66  7:21  Pylon x2  
  70  7:39  Adept x2, Probe x2  
  70  7:40  Adept x3  
  64  8:00  Adept  
  64  8:01  Adept x4  
  57  8:21  Warp Prism  
  57  8:27  Adept x4  
  47  8:28  Adept x2  
  49  8:42  Dark Shrine  
  49  8:48  Adept x3  
  49  8:49  Adept  
  49  8:55  Adept x2  
  59  9:21  Adept x6  
  69  9:32  Pylon  
  69  9:42  Adept x5  
  79  9:47  Adept  
  75  9:59  Warp Prism  
  47  10:23  Dark Templar  
  47  10:24  Dark Templar x3  
  47  10:25  Adept x2  
  59  10:29  Archon x2  
  49  10:56  Dark Templar  
  51  11:00  Adept x4  
  51  11:02  Zealot  
  61  11:21  Dark Templar, Zealot x3  
  57  11:26  Adept  
  57  11:27  Adept x3  
  52  11:39  Zealot x2  
  50  11:46  Zealot x2  
  50  11:47  Zealot x2  
Show
View Real Time Build Order
Export as new Build Order

ShoWTimE Protoss - Winner!

Build Orders: Phoenix Opening, Archon Immortal 

Get SALT Encoding   

  12  0:00  Probe  
  13  0:12  Probe  
  14  0:17  Pylon  
  14  0:23  Probe  
  15  0:31  Probe  
  15  0:36  Gateway  
  15  0:40  Probe  
  16  0:45  Assimilator  
  17  0:51  Probe  
  17  0:54  Assimilator  
  18  0:59  Probe  
  19  1:07  Probe  
  19  1:11  Gateway  
  20  1:17  Probe  
  20  1:24  Cybernetics Core  
  21  1:29  Probe  
  22  1:34  Pylon  
  22  1:41  Probe  
  23  1:53  Probe  
  24  2:00  Stalker, Sentry  
  28  2:03  Warp Gate  
  28  2:09  Pylon  
  28  2:33  Stargate  
  28  2:40  Stalker  
  30  2:49  Stalker  
  32  2:56  Shield Battery  
  32  3:02  Nexus  
  32  3:05  Phoenix  
  31  3:07  Probe  
  31  3:08  Phoenix  
  32  3:19  Probe  
  35  3:22  Pylon  
  35  3:27  Shield Battery  
  35  3:28  Phoenix  
  35  3:39  Probe  
  37  3:51  Probe  
  38  3:56  Robotics Facility  
  38  3:59  Cybernetics Core  
  38  4:06  Robotics Facility  
  38  4:07  Probe  
  39  4:14  Probe  
  40  4:19  Probe  
  41  4:26  Probe  
  41  4:29  Probe  
  43  4:34  Probe, Sentry  
  43  4:37  Probe  
  46  4:42  Probe  
  47  4:45  Probe  
  47  4:47  Pylon  
  49  4:53  Probe, Observer  
  49  4:56  Phoenix  
  49  4:57  Probe  
  54  5:05  Probe  
  54  5:06  Shield Battery  
  55  5:09  Probe, Forge  
  55  5:10  Immortal  
  56  5:17  Probe  
  61  5:21  Probe  
  62  5:29  Probe  
  62  5:31  Pylon  
  62  5:33  Probe  
  64  5:37  Stalker x2  
  64  5:41  Probe  
  69  5:43  Protoss Ground Weapons Level 1  
  69  5:44  Pylon  
  69  5:46  Assimilator  
  69  5:47  Immortal  
  69  5:51  Assimilator  
  68  6:13  Adept x2  
  69  6:20  Probe  
  67  6:38  Shield Battery  
  67  6:42  Adept, Probe  
  67  6:43  Probe  
  71  6:50  Probe  
  72  6:54  Twilight Council  
  72  6:55  Probe  
  72  6:58  Probe  
  73  7:07  Shield Battery  
  73  7:08  Probe x2  
  76  7:16  Shield Battery  
  76  7:20  Probe x2  
  76  7:21  Gateway  
  78  7:25  Gateway  
  78  7:26  Shield Battery  
  78  7:27  Gateway  
  78  7:28  Warp Prism  
  78  7:29  Stalker  
  80  7:34  Cybernetics Core  
  78  7:43  Photon Cannon  
  80  7:50  Stalker  
  80  7:56  Stalker  
  76  8:04  Immortal  
  68  8:14  Adept  
  64  8:24  Adept x2  
  62  8:30  Zealot  
  62  8:33  Probe  
  62  8:34  Probe  
  65  8:41  Templar Archives  
  65  8:44  Immortal  
  65  8:45  Probe  
  70  8:50  Zealot x2  
  74  9:01  Zealot x2  
  78  9:17  Gateway  
  78  9:18  High Templar x2, Charge  
  78  9:19  Zealot  
  78  9:22  Archon  
  84  9:26  High Templar  
  84  9:47  High Templar  
  84  9:51  Archon  
  82  10:10  Pylon  
  82  10:11  Pylon  
  74  10:14  Pylon  
  74  10:17  Probe x2  
  74  10:27  Pylon  
  72  10:29  High Templar, Zealot x2  
  72  10:30  High Templar  
  72  10:34  Archon  
  78  10:41  Photon Cannon  
  78  10:55  Zealot x4  
  86  11:00  Probe  
  87  11:04  Pylon  
  87  11:07  Pylon  
  87  11:11  Nexus  
  87  11:16  Zealot  
  89  11:21  Observer  
  89  11:23  Zealot  
  72  11:38  Zealot  
  69  11:45  Zealot  
  72  11:52  Zealot  
Tags
 
Add a new tag
Caveats
  • Supply blocks, unpowered buildings, or Contaminate may cause inaccurate times.
  • Supply counts are checked every 10 seconds.